Map: Ever Dream LE

Players

BlyOnFire (Bly) - Winner!

  • Race: Zerg Zerg
  • League: Grandmaster
  • Spawn Location: 7:00

Kas

  • Race: Terran Terran
  • League: Master
  • Spawn Location: 1:00

Event: DreamHack SC2 Masters 2020 Summer Europe

VOD

Have the link to the VOD?

Description

Time

  • Played on: June 26, 2020, 1 p.m.
  • Length: 16:25

All games in this series

Show
View Real Time Build Order
Export as new Build Order

BlyOnFire Zerg - Winner!

Build Orders: Pool First, Muta Ling Bane 

Get SALT Encoding   

  12  0:01  Drone  
  13  0:14  Overlord  
  13  0:17  Drone  
  14  0:33  Drone x2  
  16  0:40  Spawning Pool  
  15  0:45  Drone  
  15  0:49  Drone  
  17  1:08  Hatchery  
  17  1:11  Drone  
  17  1:14  Extractor  
  16  1:20  Drone  
  17  1:28  Zergling x2  
  17  1:29  Zergling x2  
  17  1:32  Queen  
  21  1:43  Overlord  
  21  1:52  Drone  
  22  2:01  Drone  
  23  2:10  Queen  
  23  2:12  Drone  
  25  2:23  Drone x2  
  25  2:24  Queen  
  25  2:25  Metabolic Boost  
  29  2:33  Drone  
  30  2:38  Drone  
  30  2:43  Drone x4  
  34  2:51  Overlord  
  34  3:05  Overlord  
  34  3:11  Drone x3  
  37  3:15  Lair  
  37  3:17  Drone x3  
  40  3:20  Drone x2  
  40  3:21  Drone  
  43  3:32  Queen, Extractor  
  43  3:33  Extractor  
  43  3:37  Zergling x8  
  47  3:43  Overlord, Extractor  
  46  3:51  Zergling x4  
  46  3:52  Zergling x4  
  50  3:56  Drone  
  50  4:00  Overlord  
  50  4:02  Overlord  
  51  4:04  Drone x2  
  53  4:13  Drone  
  54  4:18  Spire  
  54  4:21  Drone x4  
  57  4:27  Drone x2  
  59  4:38  Spore Crawler  
  59  4:40  Spore Crawler  
  56  4:45  Zergling x2  
  56  4:46  Zergling x4  
  56  4:47  Drone  
  56  4:48  Drone  
  57  5:09  Hatchery  
  56  5:19  Drone x2  
  58  5:21  Overlord  
  58  5:30  Mutalisk  
  58  5:31  Mutalisk x4  
  58  5:33  Overlord  
  68  5:40  Mutalisk x4  
  76  5:46  Zerg Flyer Weapons Level 1  
  76  5:47  Baneling Nest  
  75  5:56  Drone  
  76  5:57  Overlord x2  
  76  6:11  Overlord  
  76  6:16  Overlord  
  76  6:17  Drone x6  
  82  6:30  Zergling x16  
  90  6:45  Drone x4  
  86  6:55  Drone  
  86  6:56  Evolution Chamber x2, Drone x4  
  86  6:59  Centrifical Hooks  
  86  7:00  Baneling x7  
  89  7:03  Burrow, Drone x4  
  89  7:07  Baneling x3  
  89  7:08  Baneling x3  
  93  7:12  Drone x2  
  93  7:14  Overseer  
  95  7:16  Drone x2  
  93  7:32  Drone x8  
  93  7:34  Zerg Melee Weapons Level 1, Zerg Ground Armor Level 1  
  101  7:37  Extractor  
  101  7:38  Extractor  
  99  7:45  Overseer  
  99  7:47  Drone x2  
  99  7:48  Drone  
  102  7:55  Zergling x16  
  110  8:01  Hatchery  
  107  8:12  Mutalisk x3  
  107  8:14  Overlord x2  
  113  8:22  Hatchery  
  112  8:31  Baneling  
  112  8:32  Baneling x8  
  112  8:37  Mutalisk x6  
  112  8:38  Baneling x2  
  124  8:48  Zergling x12  
  129  8:51  Hatchery  
  128  8:57  Zergling x2  
  128  8:59  Overlord  
  128  9:01  Overlord x2  
  129  9:04  Overlord x2  
  129  9:07  Pneumatized Carapace  
  129  9:10  Overlord  
  129  9:14  Overlord  
  129  9:16  Baneling x13  
  129  9:20  Zergling x14  
  136  9:25  Drone x4  
  136  9:30  Zergling x8  
  143  9:42  Zergling x20  
  153  9:56  Zerg Ground Armor Level 2, Zerg Melee Weapons Level 2  
  146  10:00  Zergling x18  
  146  10:04  Drone x4  
  158  10:27  Mutalisk x10  
  176  10:30  Overseer  
  176  10:33  Overseer  
  164  10:46  Zergling x36  
  164  10:48  Baneling x9  
  171  10:57  Zergling x18  
  171  10:59  Baneling x6  
  178  11:07  Zergling x12  
  178  11:09  Overseer x2  
  147  11:25  Zergling x22  
  147  11:26  Zergling x12  
  147  11:32  Zergling x8  
  158  11:39  Baneling x11  
  156  11:44  Baneling x3  
  156  11:46  Mutalisk x4  
  158  11:48  Drone x3  
  158  11:49  Drone  
  158  11:54  Zergling x18  
  177  11:56  Extractor  
  176  12:02  Baneling x7  
  176  12:13  Mutalisk  
  176  12:14  Mutalisk x2  
  182  12:17  Zergling x20  
  182  12:22  Baneling x6  
  191  12:24  Extractor  
  185  12:33  Zergling x20  
  185  12:34  Baneling x2  
  185  12:35  Baneling x5  
  159  12:46  Zergling x20  
  162  12:56  Zergling x20, Baneling x2  
  161  13:07  Zergling x12  
  167  13:15  Zergling x12  
  167  13:16  Baneling  
  167  13:17  Baneling x9  
  173  13:25  Zerg Flyer Weapons Level 2  
  173  13:26  Infestation Pit  
  173  13:27  Zergling x4  
  174  13:32  Baneling x12  
  172  13:53  Hatchery  
  170  13:56  Hatchery  
  169  14:05  Mutalisk x5  
  169  14:08  Overlord  
  166  14:25  Drone x3  
  166  14:26  Drone x4  
  166  14:27  Drone x3  
  175  14:42  Baneling x3  
  175  14:43  Baneling x11  
  175  14:46  Zergling x14  
  179  14:57  Zergling x6  
  182  15:01  Extractor  
  178  15:09  Zergling x26  
  189  15:17  Mutalisk x2  
  189  15:18  Overlord  
  193  15:28  Baneling x8  
  193  15:29  Baneling  
  193  15:48  Zergling x22  
  198  15:52  Baneling  
  198  15:53  Baneling x4  
  188  15:58  Baneling x3  
  179  16:04  Zergling x32  
  179  16:06  Baneling x6  
Show
View Real Time Build Order
Export as new Build Order

Kas Terran 

Build Orders: Liberator Opening, Reaper Expand 

Get SALT Encoding   

  12  0:00  SCV  
  13  0:13  SCV  
  14  0:17  Supply Depot  
  14  0:25  SCV  
  15  0:38  SCV  
  15  0:40  Barracks  
  16  0:43  Refinery  
  16  0:50  SCV  
  17  1:02  SCV  
  18  1:14  SCV  
  19  1:27  Orbital Command  
  19  1:28  Reaper  
  20  1:38  Command Center  
  20  1:48  Supply Depot  
  20  1:52  SCV  
  21  2:01  Marine  
  22  2:05  SCV  
  22  2:06  Factory  
  23  2:17  SCV, Bunker  
  24  2:24  Barracks Reactor  
  24  2:29  SCV, Refinery  
  25  2:41  SCV  
  26  2:49  Orbital Command  
  26  2:54  SCV  
  27  2:59  Starport  
  27  3:06  SCV  
  27  3:07  Hellion x2  
  32  3:15  SCV  
  32  3:18  SCV, Marine  
  34  3:26  Supply Depot  
  34  3:27  SCV  
  34  3:28  Hellion x2  
  34  3:34  SCV  
  40  3:37  Liberator  
  40  3:39  SCV  
  44  3:46  SCV  
  45  3:51  SCV  
  45  3:54  Command Center  
  46  4:03  Hellion x2  
  46  4:06  SCV x2  
  46  4:09  Supply Depot  
  52  4:18  SCV x2  
  52  4:20  Barracks  
  52  4:21  Starport Reactor  
  54  4:25  Barracks Tech Lab  
  54  4:30  SCV x2  
  56  4:36  Barracks  
  56  4:39  Engineering Bay  
  56  4:42  SCV x2  
  56  4:43  Factory Tech Lab  
  58  4:54  SCV  
  58  4:55  SCV, Stimpack, Marine  
  61  5:01  Engineering Bay  
  61  5:06  SCV  
  61  5:07  SCV  
  60  5:08  Orbital Command  
  60  5:09  Starport Reactor, Factory Reactor  
  60  5:12  Refinery  
  60  5:13  Terran Infantry Weapons Level 1, Refinery  
  60  5:18  Marine  
  60  5:19  SCV x2, Marine x2  
  63  5:23  Missile Turret  
  63  5:24  Marine x2  
  65  5:30  Missile Turret, Terran Infantry Armor Level 1  
  65  5:31  SCV x2  
  67  5:36  Marine x2  
  67  5:39  Orbital Command  
  69  5:43  SCV x2  
  69  5:48  Marine x3  
  69  5:49  Medivac  
  76  5:54  Marine  
  76  5:55  Supply Depot  
  76  5:56  Supply Depot, Missile Turret  
  77  5:58  Supply Depot  
  77  6:07  Armory  
  77  6:12  Missile Turret  
  77  6:16  SCV x2, Marine x4, Widow Mine  
  77  6:17  SCV, Medivac, Widow Mine  
  87  6:28  SCV x2  
  87  6:29  SCV  
  87  6:31  Marine  
  91  6:34  Combat Shield, Marine  
  91  6:36  Medivac  
  91  6:39  Marine  
  95  6:40  SCV  
  96  6:47  Medivac  
  96  6:50  SCV x2  
  90  6:55  Marine x3, Widow Mine x2  
  90  6:58  SCV  
  98  7:02  SCV x2, Barracks  
  98  7:05  Marine, Barracks  
  101  7:08  Factory  
  101  7:13  Supply Depot x2  
  101  7:16  Supply Depot  
  101  7:20  SCV, Marine x4  
  101  7:32  Medivac x2  
  101  7:33  Widow Mine x2  
  110  7:37  SCV x2  
  110  7:39  Supply Depot  
  110  7:40  Supply Depot, Marine x4  
  110  7:44  SCV  
  114  7:47  Marine  
  114  7:49  SCV x2  
  117  7:51  Drilling Claws  
  117  7:52  Barracks Reactor x2  
  117  7:56  SCV  
  117  7:58  Marine  
  117  8:01  SCV, Widow Mine x2, Thor  
  117  8:02  Marine  
  129  8:11  SCV x2, Marine  
  129  8:12  Marine  
  133  8:17  Terran Infantry Armor Level 2, Terran Infantry Weapons Level 2  
  133  8:18  Supply Depot  
  133  8:19  Supply Depot  
  133  8:20  Supply Depot x2  
  133  8:22  Marine  
  133  8:26  Widow Mine x2  
  138  8:31  Command Center, Marine x2  
  140  8:37  Marine  
  140  8:39  Medivac x2, Marine x4  
  149  8:45  Supply Depot  
  147  8:52  Marine x4, Widow Mine x2  
  147  8:54  Marine  
  156  8:57  Marine x4, Thor  
  166  9:08  Barracks x2  
  166  9:10  Marine x3, Barracks  
  166  9:14  Marine x2  
  166  9:17  Bunker  
  171  9:18  Marine x4  
  171  9:20  Widow Mine x2  
  179  9:28  Marine  
  179  9:30  Marine  
  181  9:35  Medivac, Marine x2  
  181  9:36  Marauder  
  181  9:38  Medivac  
  181  9:43  Marine  
  182  9:49  SCV x2  
  183  9:57  Marauder  
  177  10:02  SCV x2  
  177  10:04  Missile Turret  
  177  10:05  Refinery  
  177  10:06  Planetary Fortress, Refinery  
  179  10:12  Marine x3  
  179  10:13  Barracks Tech Lab x2  
  182  10:14  Barracks Reactor  
  182  10:19  Marauder  
  182  10:26  Marine  
  182  10:27  Missile Turret  
  182  10:28  SCV x3  
  180  10:30  Marine x3  
  180  10:32  Marine x2  
  185  10:40  SCV x3, Marauder  
  189  10:43  Marauder  
  177  10:50  Marauder, Marine x10  
  177  10:51  Thor  
  177  10:52  SCV  
  177  10:54  Widow Mine x2  
  195  11:04  Marine  
  195  11:10  Command Center  
  196  11:16  Marine x2  
  196  11:17  Marine x4  
  196  11:18  Marine x3  
  196  11:19  Marauder x2  
  196  11:22  Marauder  
  196  11:25  Marine  
  160  11:26  Widow Mine x2  
  150  11:34  Marine x5  
  150  11:35  Marine, Thor  
  150  11:36  Medivac, Marine  
  150  11:38  Marine x2  
  164  11:40  Marauder  
  164  11:41  Marauder  
  164  11:43  Marauder, Marine  
  164  11:46  SCV, Medivac  
  174  11:47  Widow Mine  
  174  11:48  Widow Mine  
  174  11:50  SCV x2  
  174  11:52  Marine  
  181  11:57  Marine  
  181  11:58  Marine x7  
  181  12:00  Marine  
  181  12:01  Concussive Shells  
  190  12:02  Marauder x2  
  190  12:05  Marauder  
  196  12:15  Marine  
  196  12:16  Widow Mine, Marine  
  196  12:17  Marine x3  
  196  12:18  Marine x3  
  196  12:20  Marine  
  196  12:22  Marine  
  197  12:23  Marauder  
  196  12:32  Marauder x2  
  196  12:33  Marine  
  196  12:34  Marine x3  
  196  12:35  Marine  
  196  12:36  Marine x3  
  188  12:37  Marine  
  188  12:41  Marine  
  165  12:44  Marauder  
  165  12:50  Thor  
  165  12:51  Marine, Widow Mine x2  
  150  12:52  Marine x3  
  150  12:53  Marine x3  
  150  12:54  Marauder, Marine x2  
  150  12:55  Marine  
  156  12:58  Marine  
  156  13:05  Medivac, Marine  
  155  13:07  SCV x2  
  155  13:09  Marine x2  
  155  13:10  SCV x2, Marine x2  
  155  13:11  Marine x4  
  155  13:12  Marine  
  169  13:13  Marine  
  169  13:15  Marauder  
  169  13:16  Marine  
  169  13:19  SCV x2, Widow Mine  
  177  13:22  Widow Mine  
  177  13:23  Marine  
  177  13:25  Missile Turret  
  177  13:26  Marine  
  180  13:27  Marine  
  180  13:31  SCV  
  180  13:32  Marine x2  
  183  13:43  SCV  
  183  13:44  Thor  
  187  13:49  Planetary Fortress  
  187  13:52  Marine x2  
  187  13:55  Medivac x2, Widow Mine x2  
  196  13:58  Missile Turret  
  196  14:01  Missile Turret  
  181  14:10  Marauder, Marine x11  
  181  14:11  Marauder  
  180  14:25  SCV x2  
  180  14:27  SCV x2  
  180  14:28  Marine x7  
  189  14:40  Marine  
  189  14:41  Missile Turret x2  
  189  14:43  Marine x3  
  189  14:44  Widow Mine  
  195  14:49  Missile Turret, Marine  
  194  15:06  SCV  
  195  15:08  Missile Turret x2, Widow Mine x2  
  195  15:17  Missile Turret  
  195  15:18  Missile Turret  
  195  15:19  Widow Mine  
  194  15:23  Marine x2  
  194  15:25  Marine x3  
  199  15:31  Marine  
  200  15:41  Missile Turret  
  200  15:44  Missile Turret  
  200  15:46  Marauder x2, Marine x5  
  200  15:49  Marine x2  
  187  15:50  Medivac x2  
Tags
 
Add a new tag
Caveats
  • Supply blocks, unpowered buildings, or Contaminate may cause inaccurate times.
  • Supply counts are checked every 10 seconds.